 Dungeon Crawl Stone Soup version 0.23.2-30-g0e89c35649 (webtiles) character file.

Game seed: 12659881263496469559

43 Atelerd the Gusty (level 3, -3/20 HPs)
             Began as a Tengu Air Elementalist on June 19, 2019.
             Slain by a centaur (6 damage)
             ... on level 2 of the Dungeon.
             The game lasted 00:02:06 (1263 turns).

Atelerd the Gusty (Tengu Air Elementalist)          Turns: 1263, Time: 00:02:07

Health: -3/20      AC:  2    Str:  8    XL:     3   Next: 58%
Magic:  5/7        EV: 13    Int: 16    God:
Gold:   24         SH:  0    Dex: 14    Spells: 5/6 levels left

rFire    . . .     SeeInvis .   i - +0 falchion
rCold    . . .     Gourm    .   (no shield)
rNeg     . . .     Faith    .   a - +0 robe
rPois    .         Spirit   .   (helmet restricted)
rElec    .         Reflect  .   (no cloak)
rCorr    .         Harm     .   (no gloves)
MR       .....                  (boots unavailable)
Stlth    ++........             d - amulet of inaccuracy (curse)
HPRegen  0.06/turn              (no ring)
MPRegen  0.10/turn              (no ring)

@: no status effects
A: beak, talons 3
a: no special abilities


You were on level 2 of the Dungeon.
You were not hungry.

You visited 1 branch of the dungeon, and saw 2 of its levels.

You collected 24 gold pieces.

Inventory:

Hand Weapons
 e - a +2 dagger of draining
 i - a +0 falchion (weapon)
Missiles
 f - 5 javelins (quivered)
Armour
 a - a +0 robe (worn)
Jewellery
 d - a cursed amulet of inaccuracy (around neck)
 g - an uncursed amulet of guardian spirit {unknown}
Scrolls
 b - 2 scrolls of fear
Potions
 h - a potion of flight {unknown}
Comestibles
 c - a ration


   Skills:
 + Level 0.9 Fighting
 + Level 2.6 Dodging
 - Level 2.0 Stealth
 + Level 2.3 Spellcasting
 * Level 2.8 Conjurations
 + Level 4.4 Air Magic


You had 5 spell levels left.
You knew the following spells:

 Your Spells              Type           Power        Failure   Level  Hunger
a - Shock                 Conj/Air       ##..         4%          1    #......

Your spell library contained the following spells:

 Spells                   Type           Power        Failure   Level  Hunger
 Swiftness                Chrm/Air       #.......     12%         2    ###....
 Static Discharge         Conj/Air       ##......     14%         3    ###....
 Airstrike                Air            ###.......   32%         4    #####..
 Lightning Bolt           Conj/Air       ##........   77%         5    ######.


Dungeon Overview and Level Annotations

Branches:
Dungeon (2/15)

Altars:


Innate Abilities, Weirdness & Mutations

You have a beak for a mouth.
You have claws for feet.


Message History

You closely miss the bat. Your kick misses the bat. You closely miss the bat.
The bat closely misses you.
You riposte.
You miss the bat. Your peck misses the bat. The bat barely misses you.
A frilled lizard comes into view.
You feel sick.
You are no longer poisoned.
The bat barely misses you. The bat misses you.
The bat hits you but does no damage. The bat closely misses you.
The bat closely misses you.
You riposte.
You barely miss the bat. The centaur hits you!
* * * LOW HITPOINT WARNING * * *
Casting: Shock (safe; 4% risk of failure)
Confirm with . or Enter, or press ? or * to list all spells.
Aiming: Shock (safe; 4% risk of failure)
Press: ? - help, Shift-Dir - straight line, f - bat
Aim: a bat The zap misses the bat.
The bat closely misses you. The centaur hits you.
You die...

.# .# .#
######.#
#<.....##
##......#
##......#
#......$#
#@......#.
#.cb......#
#.......###
#.......#
#.......#
#.#######
#.# #.# #.#


You could see a centaur and a bat.

Vanquished Creatures
  An adder (D:2)
  3 dart slugs (D:1)
  A leopard gecko (D:1)
  3 bats (D:1)
  2 giant cockroaches (D:1)
  2 hobgoblins (D:1)
  5 frilled lizards (D:1)
  5 goblins (D:1)
  3 kobolds (D:1)
  3 rats (D:1)
28 creatures vanquished.

Notes
Turn   | Place    | Note
-------+----------+-------------------------------------------
     0 | D:1      | Atelerd the Tengu Air Elementalist began the quest for the
                  | Orb.
     0 | D:1      | Reached XP level 1. HP: 10/10 MP: 4/4
   480 | D:1      | Reached XP level 2. HP: 6/15 MP: 0/6
   977 | D:1      | Reached XP level 3. HP: 18/20 MP: 7/7
  1253 | D:2      | Noticed a centaur
  1263 | D:2      | Slain by a centaur

Skill      XL: |  1  2 |
---------------+-------+-----
Conjurations   | 2 |  2.8
Fighting       | |  0.9
Dodging        | |  2.6
Stealth        | |  2.0
Spellcasting   | |  2.3
Air Magic      | |  4.4

Action                   || total
-------------------------++-------
Melee: Unarmed           ||     6
       Kick              ||     6
       Peck              ||     4
       Dagger            ||    46
       Falchion          ||     2
 Cast: Shock             ||    22
  Use: Scroll            ||     1
 Stab: Sleeping          ||     4
  Eat: Chunk             ||     1
Armor: Robe              ||    13
Dodge: Dodged            ||    37
       Rpst.: Falchion   ||     4
